 Dungeon Crawl Stone Soup version 0.24.1-14-gf8d2b509d9 (webtiles) character file.

Game seed: 10526499747481664368, levelgen mode: deterministic

646186 anksol the Halfling Catapult (level 27, -6/179 HPs)
             Began as a Halfling Hunter on May 29, 2020.
             Was the Champion of Okawaru.
             Mangled by a lorocyproca (34 damage)
             ... summoned by an ancient lich
             ... on level 5 of the Realm of Zot on May 30, 2020.
             The game lasted 05:09:16 (74731 turns).

anksol the Halfling Catapult (Halfling Hunter)     Turns: 74731, Time: 05:09:16

Health: -6/179     AC:  6    Str:  9    XL:     27
Magic:  0/35       EV: 59    Int: 15    God:    Okawaru [******]
Gold:   6270       SH: 16    Dex: 40    Spells: 26/26 levels left

rFire    + + +     SeeInvis +   B - +12 hunting sling of Objectivity {freeze, rN+ Int+4}
rCold    + + .     Gourm    .   Z - +2 shield of Resistance {rF+ rC+ MR+}
rNeg     + . .     Faith    .   a - +4 moon troll leather armour {Spirit, Regen++ MP+5}
rPois    +         Spirit   +   M - +2 hat {MR+}
rElec    +         Reflect  .   n - +1 cloak
rCorr    .         Harm     .   S - +2 pair of gloves {Dex+3}
MR       ++++.                  c - +1 pair of boots "Umottot" {*Contam rPois rC+ Dex+7}
Stlth    +++++++++.             l - amulet of the acrobat
HPRegen  1.19/turn              J - ring "Deimut" {+Fly rF+ Dex+4 SInv Stlth+}
MPRegen  0.24/turn              U - ring "Issaekh" {+Fly rElec rF+ Stlth+}

@: corroded, acrobat, hasted, studying Crossbows, very quick
A: small, clever 1, clumsy 1, deformed body, frail 2, mutation resistance 1,
weak 2
}: 3/15 runes: decaying, serpentine, silver
a: Heroism, Finesse, Renounce Religion, Evoke Flight


You were on level 5 of the Realm of Zot.
You worshipped Okawaru.
Okawaru was exalted by your worship.
You were not hungry.

You visited 12 branches of the dungeon, and saw 52 of its levels.
You visited the Abyss 2 times.
You also visited: Sewer and Bailey.

You collected 7708 gold pieces.
You spent 1438 gold pieces at shops.

Inventory:

Hand Weapons
 y - the +7 scimitar of the Salmon {drain, rN+ Str+3}
   (You took it off a deep elf sorcerer on level 3 of the Elven Halls)

   A truly terrible weapon, it drains the life of those it strikes.
   It affects your strength (+3).
   It protects you from negative energy.
 B - the +12 hunting sling of Objectivity (weapon) {freeze, rN+ Int+4}
   (Okawaru gifted it to you on level 2 of the Realm of Zot)

   It causes projectiles fired from it to freeze those they strike, causing
   extra injury to most foes and up to half again as much damage against
   particularly susceptible opponents.
   They can also slow down cold-blooded creatures.
   It affects your intelligence (+4).
   It protects you from negative energy.
Missiles
 h - 28 sling bullets
 r - 18 atropa-tipped darts
 O - 60 stones (quivered)
 W - 12 throwing nets
Armour
 a - the +4 moon troll leather armour (worn) {Spirit, Regen++ MP+5}
   (You found it on level 3 of the Lair of Beasts)

   It affects your magic capacity (+5).
   It increases your rate of regeneration.
 c - the +1 pair of boots "Umottot" (worn) {*Contam rPois rC+ Dex+7}
   (You found it on level 3 of the Elven Halls)

   It affects your dexterity (+7).
   It protects you from cold.
   It protects you from poison.
   It causes magical contamination when unequipped.
 n - a +1 cloak (worn)
 C - the +2 pair of boots of Okawaru's Castigation {+Blink Slay+2}
   (Okawaru gifted it to you on level 2 of the Depths)

   It affects your accuracy and damage with ranged weapons and melee attacks
   (+2).
   It lets you blink.
 M - a +2 hat of magic resistance (worn)
 S - a +2 pair of gloves of dexterity (worn)
 Z - the +2 shield of Resistance (worn) {rF+ rC+ MR+}
   (Okawaru gifted it to you on level 5 of the Lair of Beasts)

   It protects you from fire.
   It protects you from cold.
   It affects your resistance to hostile enchantments.
Jewellery
 l - an amulet of the acrobat (around neck)
 u - an uncursed ring of protection from cold {unknown}
 G - a +4 ring of protection
 I - an uncursed ring of protection from cold {unknown}
 J - the ring "Deimut" (left hand) {+Fly rF+ Dex+4 SInv Stlth+}
   (You took it off a deep elf annihilator on level 3 of the Elven Halls)

   [ring of stealth]

   It affects your dexterity (+4).
   It protects you from fire.
   It lets you see invisible.
   It lets you fly.
   It makes you more stealthy.
 U - the ring "Issaekh" (right hand) {+Fly rElec rF+ Stlth+}
   (You bought it in a shop on level 2 of the Orcish Mines)

   [ring of flight]

   It protects you from fire.
   It insulates you from electricity.
   It lets you fly.
   It makes you more stealthy.
Wands
 o - a wand of disintegration (26)
 v - a wand of iceblast (57)
 D - a wand of digging (5)
 V - a wand of acid (26)
Scrolls
 d - 7 scrolls of fear
 g - 29 scrolls of remove curse
 m - 2 scrolls of enchant weapon
 p - 17 scrolls of teleportation
 q - a scroll of silence
 z - 3 scrolls of torment
 A - 4 scrolls of vulnerability {unknown}
 F - 11 scrolls of fog
 K - 12 scrolls of magic mapping
 N - 2 scrolls of holy word
 Y - 5 scrolls of noise {unknown}
Potions
 b - 3 potions of might
 e - 4 potions of agility
 j - 11 potions of curing
 s - 6 potions of berserk rage
 t - a potion of haste
 w - 2 potions of mutation
 H - 7 potions of flight
 Q - 6 potions of resistance
 R - 3 potions of cancellation
 X - a potion of ambrosia
Books
 T - a manual of Crossbows
Comestibles
 f - 80 rations


   Skills:
 O Level 27 Fighting
 O Level 27 Slings
 + Level 11.7 Armour
 O Level 27 Dodging
 + Level 14.5 Stealth
 - Level 10.0 Shields
 - Level 10.0 Invocations


You had 26 spell levels left.
You didn't know any spells.
Your spell library contained the following spells:

 Spells                   Type           Power        Failure   Level  Hunger
 Animate Skeleton         Necr           N/A          67%         1    ##.....
 Beastly Appendage        Tmut           #.....       67%         1    ##.....
 Confusing Touch          Hex            #.....       67%         1    ##.....
 Corona                   Hex            #......      67%         1    ##.....
 Flame Tongue             Conj/Fire      #....        67%         1    ##.....
 Freeze                   Ice            #...         67%         1    ##.....
 Pain                     Necr           #...         67%         1    ##.....
 Sandblast                Erth           #.....       67%         1    ##.....
 Shock                    Conj/Air       #...         67%         1    ##.....
 Sting                    Conj/Pois      #...         67%         1    ##.....
 Summon Butterflies       Summ           #.......     67%         1    ##.....
 Summon Small Mammal      Summ           #...         67%         1    ##.....
 Call Imp                 Summ           #.......     82%         2    ###....
 Ensorcelled Hibernation  Hex/Ice        #.....       82%         2    ###....
 Passwall                 Tmut/Erth      #.......     82%         2    ###....
 Poisonous Vapours        Pois/Air       #.....       82%         2    ###....
 Sticks to Snakes         Tmut           #.......     82%         2    ###....
 Swiftness                Chrm/Air       #.......     82%         2    ###....
 Throw Frost              Conj/Ice       #.....       82%         2    ###....
 Call Canine Familiar     Summ           #.......     96%         3    ####...
 Confuse                  Hex            #.......     96%         3    ####...
 Conjure Flame            Conj/Fire      #.......     96%         3    ####...
 Dazzling Spray           Conj/Hex       #.....       96%         3    ####...
 Gell's Gravitas          Tloc           #.........   96%         3    ####...
 Mephitic Cloud           Conj/Pois/Air  #.......     96%         3    ####...
 Ozocubu's Armour         Chrm/Ice       #.......     96%         3    ####...
 Portal Projectile        Hex/Tloc       #.....       96%         3    ####...
 Recall                   Summ/Tloc      N/A          96%         3    ####...
 Regeneration             Chrm/Necr      #.........   96%         3    ####...
 Spider Form              Tmut/Pois      #.........   96%         3    ####...
 Stone Arrow              Conj/Erth      #.....       96%         3    ####...
 Summon Guardian Golem    Hex/Summ       #.......     96%         3    ####...
 Tukima's Dance           Hex            #.......     96%         3    ####...
 Vampiric Draining        Necr           #.........   96%         3    ####...
 Animate Dead             Necr           N/A          100%        4    #####..
 Cause Fear               Hex            #.........   100%        4    #####..
 Force Lance              Conj/Tloc      #.......     100%        4    #####..
 Fulminant Prism          Conj/Hex       #.........   100%        4    #####..
 Ice Form                 Ice/Tmut       #.......     100%        4    #####..
 Leda's Liquefaction      Hex/Erth       #.........   100%        4    #####..
 Petrify                  Tmut/Erth      #.......     100%        4    #####..
 Sticky Flame             Conj/Fire      #.......     100%        4    #####..
 Summon Ice Beast         Ice/Summ       #.......     100%        4    #####..
 Summon Lightning Spire   Summ/Air       #.......     100%        4    #####..
 Throw Icicle             Conj/Ice       #.......     100%        4    #####..
 Alistair's Intoxication  Tmut/Pois      #.......     100%        5    ######.
 Aura of Abjuration       Summ           #.........   100%        5    ######.
 Blade Hands              Tmut           #.........   100%        5    ######.
 Bolt of Magma            Conj/Fire/Erth #.........   100%        5    ######.
 Excruciating Wounds      Chrm/Necr      #.........   100%        5    ######.
 Iskenderun's Battlesphe  Conj/Chrm      #.......     100%        5    ######.
 Lee's Rapid Deconstruct  Erth           #.........   100%        5    ######.
 Metabolic Englaciation   Hex/Ice        #.........   100%        5    ######.
 Silence                  Hex/Air        #.........   100%        5    ######.
 Summon Demon             Summ           #.........   100%        5    ######.
 Summon Forest            Summ/Tloc      #.........   100%        5    ######.
 Summon Mana Viper        Hex/Summ       #.......     100%        5    ######.
 Venom Bolt               Conj/Pois      #.........   100%        5    ######.
 Yara's Violent Unravell  Hex/Tmut       #.........   100%        5    ######.
 Death Channel            Necr           #.........   100%        6    #######
 Deflect Missiles         Chrm/Air       #.........   100%        6    #######
 Freezing Cloud           Conj/Ice/Air   #.........   100%        6    #######
 Invisibility             Hex            #.......     100%        6    #######
 Iron Shot                Conj/Erth      #.........   100%        6    #######
 Shadow Creatures         Summ           N/A          100%        6    #######
 Statue Form              Tmut/Erth      #........    100%        6    #######
 Orb of Destruction       Conj           #.........   100%        7    #######
 Ring of Flames           Chrm/Fire      #.........   100%        7    #######
 Spellforged Servitor     Conj/Summ      #.........   100%        7    #######
 Summon Hydra             Summ           #.........   100%        7    #######
 Controlled Blink         Tloc           N/A          100%        8    #######
 Discord                  Hex            #.........   100%        8    #######
 Shatter                  Erth           #.........   100%        9    #######


Dungeon Overview and Level Annotations

Branches:
Dungeon (15/15)            Temple (1/1) D:4            Lair (5/6) D:8
  Swamp (4/4) Lair:2        Snake (4/4) Lair:2          Orc (2/2) D:11
    Elf (3/3) Orc:2        Vaults (5/5) D:13          Crypt (2/3) Vaults:3
 Depths (5/5) D:15           Hell (visited)             Zot (5/5) Depths:5
  Sewer (visited)          Bailey (visited)
  Slime: Lair:5-6       Dis: Hell:1         Geh: Hell:1         Coc: Hell:1
    Tar: Hell:1

Altars:
Ashenzari
Cheibriados
Dithmenos
Elyvilon
Fedhas
Gozag
Hepliaklqana
Kikubaaqudgha
Makhleb
Okawaru
Qazlal
Ru
Sif Muna
Trog
Vehumet
Wu Jian
Xom
Yredelemnul
Zin
The Shining One
Beogh
Jiyva

Shops:
D:5 (:**   D:6 (   D:15 **   Orc:1 (   Orc:2 :=%*?   Elf:1 :   Swamp:1 *
Snake:1 =}=   Snake:3 :   Vaults:3 =   Vaults:5 [   Depths:3 (

Portals:
Hell: Depths:1 Depths:2 Depths:3 Depths:4 Depths:5
Abyss: Depths:1 Depths:2 Depths:3 Depths:4 Depths:5
Pandemonium: Depths:3
Ziggurat: Depths:5

Annotations:
D:3 1 runed translucent door, sipior's ghost, novice OpVM
D:5 2 transporters
D:15 exclusion: orange crystal statue
Lair:1 1 runed translucent door, Curus's ghost, journeyman MfBe
Lair:2 exclusion: oklob plant
Elf:2 5 runed translucent doors
Depths:1 exclusion: orange crystal statue
Depths:5 3 runed translucent doors, Huemm's ghost, veteran BaIE; Onolyar's ghost, veteran BaIE
Hell Geryon
Zot:4 2 transporters


Innate Abilities, Weirdness & Mutations

You are small and have problems with some larger weapons.
You are somewhat resistant to further mutation.
Your mind is acute. (Int +2)
You are clumsy. (Dex -2)
Armour fits poorly on your strangely shaped body.
You are very frail. (-20% HP)
You are very weak. (Str -4)


Message History

The klown pie misses you.
Really attack while wielding the +12 hunting sling of Objectivity {freeze, rN+ Int+4}?
Okay, then.
Your blink will be uncontrolled - continue anyway?
The Orb prevents control of your translocation!
You blink.
As you read the scroll of blinking, it crumbles to dust.
The Killer Klown blinks!
The yellow draconian completely misses you.
Your blink will be uncontrolled - continue anyway?
The Orb prevents control of your translocation!
You blink.
As you read the scroll of blinking, it crumbles to dust.
The Killer Klown throws klown pie at you.
The klown pie misses you. You block the Killer Klown's attack.
The yellow draconian throws acid at you.
The glob of acid misses the lorocyproca.
You block the glob of acid. The lorocyproca hits you!!
You die...

...###....#.#.......#..#.#....#..
...# #......#.......#..#.##...##.
.#######....'.......#####......##
...#..##....##.....## ##.......
......####..###...## ##.#....
....###..#.##.#+### ####..#
.....^#.......#.### ##<).#.#
#.......##.....##.## #.)###..
###.....##..####@..## #### ..#
###.........'.2p..# ####.## #.#
#....#[[..##§..####.#...# ...
######.)[..##d####....#.# ###
#..#....#'#.#...#.###
##.#.d.......^#####
########2########▓▓ ########
#...............# ##.......
##^............## ##........


You could see a Killer Klown, a yellow draconian and a lorocyproca (invisible).

Vanquished Creatures
  2 orbs of fire
  Khufu (Crypt:1)
  4 ancient liches
  Mara (Crypt:1)
  2 juggernauts
  2 greater mummies (Crypt:1)
  A Killer Klown (Zot:5)
  Bai Suzhen (Crypt:1)
  3 caustic shrikes
  Saint Roka (Vaults:1)
  Frederick (Crypt:1)
  Nikola (Swamp:2)
  13 golden dragons
  2 bone dragons (Depths:5)
  2 liches
  4 electric golems
  16 tentacled monstrosities
  5 acid blobs (Depths:2)
  4 titans
  8 Orb Guardians (Zot:5)
  7 quicksilver dragons
  2 deep elf master archers (Elf:3)
  2 deep elf blademasters
  3 sphinxes (Vaults:5)
  Gastronok (Lair:1)
  4 thorn hunters
  20 storm dragons
  3 death cobs
  Kirke (D:12)
  Donald (Swamp:4)
  Roxanne (Elf:1)
  12 shadow dragons
  15 fire giants
  9 tengu reavers
  7 draconian monks
  A revenant (Crypt:1)
  4 azure jellies (Depths:2)
  11 nagarajas
  12 draconian scorchers
  A draconian knight (Zot:2)
  5 iron dragons
  2 ghost moths (Zot:4)
  10 frost giants
  An orc warlord (Vaults:4)
  Louise (Swamp:4)
  8 deep elf sorcerers
  9 vault wardens
  Aizul (Snake:4)
  13 draconian shifters
  9 ironheart preservers
  8 deep elf elementalists
  A balrug (Depths:2)
  A ghoul (Crypt:1)
  A curse skull (Crypt:1)
  9 draconian annihilators
  13 draconian stormcallers
  23 stone giants
  4 spriggan defenders
  3 war gargoyles
  26 very ugly things
  3 entropy weavers
  The ghost of Zeqeiz the Carver, a journeyman MiFi of Qazlal (Swamp:3)
  4 vampire knights
  11 green draconians
  3 lorocyprocas
  14 black draconians
  Nessos (Lair:5)
  5 deep elf demonologists
  14 yellow draconians
  4 spark wasps
  8 deep elf annihilators
  15 white draconians
  5 purple draconians
  16 red draconians
  9 deep elf death magi
  An eidolon (Crypt:2)
  18 ettins
  3 crystal guardians
  6 death oozes (Depths:2)
  Fannar (Lair:2)
  5 jiangshi (Crypt:1)
  6 deep elf high priests
  17 yaktaur captains
  7 fire dragons
  21 ogre magi
  14 ice dragons
  10 great orbs of eyes
  25 vault guards
  2 rakshasas
  3 ghost crabs
  22 naga warriors
  A spriggan air mage (Depths:3)
  A shambling mangrove (Swamp:3)
  17 hydras
  9 centaur warriors
  48 two-headed ogres
  5 death knights
  6 alligators
  20 deep troll shamans
  4 anacondas
  19 dancing weapons
  6 death yaks (Lair:4)
  10 tengu warriors
  3 vampire magi
  3 deep troll earth magi
  6 spriggan berserkers
  7 naga sharpshooters
  13 deep elf knights
  9 shock serpents
  A titan zombie (Vaults:4)
  11 spriggans
  7 iron trolls
  4 shadow wraiths
  2 unseen horrors (shapeshifter)
  3 salamander mystics
  10 hell knights
  5 skeletal warriors (Crypt:1)
  19 deep trolls
  10 sea snakes (Snake:3)
  8 glowing orange brains
  An infernal demonspawn (Depths:3)
  A spark wasp zombie (Crypt:1)
  4 flayed ghosts
  2 wizards
  An unseen horror (Vaults:1)
  7 swamp dragons
  3 spriggan druids
  4 naga ritualists
  5 phantasmal warriors
  17 deep elf archers
  14 orc knights
  A gelid demonspawn (Depths:3)
  8 ironbrand convokers
  3 lindwurms (Swamp:4)
  A sphinx zombie (Vaults:1)
  13 mana vipers
  A mana viper (shapeshifter) (Vaults:5)
  5 harpies
  A lindwurm (shapeshifter) (Depths:4)
  2 shining eyes (Depths:5)
  4 wolf spiders
  6 necromancers
  65 deep elf magi
  3 orc sorcerers
  37 ugly things
  A salamander (shapeshifter) (Elf:3)
  18 moths of wrath
  5 cyclopes
  8 manticores
  A shining eye (shapeshifter) (Vaults:5)
  16 elephants
  A tengu skeleton (Vaults:3)
  21 black mambas
  10 vault sentinels
  A centaur zombie (D:15)
  Maurice (D:12)
  19 salamanders
  A water nymph (shapeshifter) (Vaults:5)
  An ice statue (D:14)
  A guardian serpent (shapeshifter) (Depths:2)
  8 guardian serpents
  18 naga magi
  A black mamba (shapeshifter) (Vaults:1)
  Psyche (D:9)
  4 orange demons
  14 spiny frogs
  A gargoyle (D:15)
  A hellwing (Depths:3)
  2 kobold demonologists
  6 freezing wraiths
  46 yaktaurs
  3 rime drakes
  A komodo dragon (shapeshifter) (Depths:2)
  3 komodo dragons
  A troll (shapeshifter) (Abyss:2)
  A jumping spider (shapeshifter) (Depths:5)
  2 meliai (shapeshifter)
  A harpy zombie (D:15)
  A yellow draconian skeleton (Crypt:1)
  3 tengu conjurers
  A queen bee (shapeshifter) (Depths:4)
  A tyrant leech (shapeshifter) (Vaults:3)
  3 meliai (D:13)
  A hydra zombie (Crypt:1)
  A merfolk (D:15)
  4 polar bears (Lair:4)
  A silent spectre (Abyss:2)
  A wind drake (shapeshifter) (Depths:1)
  6 bog bodies
  12 hippogriffs
  14 trolls
  3 tyrant leeches
  2 hornets (shapeshifter)
  A raiju (shapeshifter) (D:13)
  27 blink frogs
  13 hornets
  A meliai zombie (D:13)
  A sphinx simulacrum (Vaults:4)
  A raiju (Abyss:2)
  An ettin zombie (Crypt:1)
  Prince Ribbit (Lair:2)
  A fire giant simulacrum (Vaults:1)
  8 air elementals
  2 snapping turtles (shapeshifter)
  7 redbacks
  17 slime creatures
  A redback (shapeshifter) (Depths:4)
  2 shadows
  3 vampires
  8 water elementals
  A tarantella (shapeshifter) (Vaults:5)
  A spriggan (shapeshifter) (Depths:1)
  3 wyverns
  6 wraiths
  A basilisk (D:8)
  A yaktaur simulacrum (Vaults:4)
  A hog (shapeshifter) (Vaults:4)
  2 hungry ghosts
  4 fire elementals
  A neqoxec (Abyss:2)
  43 yaks
  A chaos spawn (Abyss:2)
  6 hogs (D:12)
  11 vampire mosquitoes
  9 wargs
  2 acid dragons
  63 nagas
  A swamp worm (shapeshifter) (D:15)
  13 swamp worms
  11 water moccasins
  4 hell hounds
  20 insubstantial wisps
  11 porcupines
  A floating eye (Depths:5)
  44 orc warriors
  7 swamp drakes
  A two-headed ogre skeleton (Crypt:1)
  2 eyes of draining (shapeshifter)
  4 sky beasts
  4 black bears
  A black bear (shapeshifter) (Depths:3)
  2 human zombies
  2 necrophages (Crypt:1)
  6 wolves
  11 ice beasts
  59 ogres
  12 boggarts
  3 phantoms
  17 centaurs
  An elf zombie (Vaults:3)
  2 eyes of draining
  2 human skeletons
  6 crocodiles
  An ogre (shapeshifter) (Vaults:4)
  A big kobold (D:9)
  10 gnoll sergeants
  13 bullfrogs
  3 earth elementals
  2 water moccasin zombies
  6 scorpions
  2 human simulacra
  6 killer bees (D:10)
  4 howler monkeys
  A wight (D:9)
  5 electric eels (Snake:3)
  8 crimson imps
  2 bullfrog zombies (D:5)
  8 jellies
  3 quasits (Depths:3)
  6 hounds
  21 orc wizards
  A bullfrog skeleton (D:6)
  13 orc priests
  8 gnoll shamans
  5 centaur skeletons
  2 iron imps (Depths:3)
  4 iguanas
  19 worker ants
  A worker ant (shapeshifter) (Depths:4)
  A hound zombie (D:11)
  A mummy (Crypt:1)
  A worker ant zombie (D:9)
  An adder (shapeshifter) (Depths:2)
  28 gnolls
  A howler monkey skeleton (D:8)
  21 adders
  4 shadow imps
  A white imp (Depths:3)
  An ufetubus (Depths:3)
  3 oozes
  2 adder zombies (D:9)
  An adder skeleton (D:8)
  2 worms (D:2)
  2 dart slugs
  8 leopard geckos
  116 orcs
  12 bats
  5 giant cockroaches
  12 goblins
  7 hobgoblins
  7 jackals
  8 kobolds
  2 quokkas (D:10)
  4 ball pythons
  2 frilled lizards (D:2)
  A jackal skeleton (D:4)
  A jackal zombie (D:5)
  A leopard gecko skeleton (D:5)
  A quokka skeleton (D:6)
  A quokka zombie (D:5)
  5 rats
  2 plants
2280 creatures vanquished.

Vanquished Creatures (collateral kills)
  A yellow draconian (Zot:4)
1 creature vanquished.

Vanquished Creatures (others)
  A storm dragon (Zot:3)
  A vault warden (Vaults:3)
  A frost giant (Depths:4)
  A draconian stormcaller (Depths:5)
  A yellow draconian (Zot:1)
  A hydra (Swamp:4)
  2 shambling mangroves (Swamp:4)
  3 alligators
  A deep elf knight (Vaults:1)
  A spriggan (Depths:3)
  A swamp dragon (Swamp:4)
  2 deep elf magi (Elf:3)
  2 spiny frogs (Swamp:4)
  A tyrant leech (Swamp:4)
  2 hornets
  2 blink frogs (Swamp:3)
  A swamp drake (Swamp:4)
  A small abomination (Abyss:2)
  A bush (Lair:5)
  27 fungi
  51 plants
  6 withered plants
110 creatures vanquished.

Grand Total: 2391 creatures vanquished

Notes
Turn   | Place    | Note
-------+----------+-------------------------------------------
     0 | D:1      | anksol the Halfling Hunter began the quest for the Orb.
     0 | D:1      | Reached XP level 1. HP: 14/14 MP: 1/1
   187 | D:1      | Reached XP level 2. HP: 19/19 MP: 2/2
   462 | D:1      | Reached XP level 3. HP: 24/24 MP: 3/3
  1285 | D:2      | Reached XP level 4. HP: 27/30 MP: 4/4
  1941 | D:2      | Noticed an air elemental
  1942 | D:2      | Found a stormy altar of Qazlal.
  1943 | D:2      | Noticed a water elemental
  1943 | D:2      | Noticed an earth elemental
  1943 | D:2      | Noticed a fire elemental
  2093 | D:3      | Reached XP level 5. HP: 35/35 MP: 5/5
  2543 | D:3      | Noticed sipior's ghost (novice OpVM)
  2544 | D:3      | Found a runed translucent door.
  3049 | D:4      | Reached XP level 6. HP: 42/42 MP: 6/6
  3537 | D:4      | Reached XP level 7. HP: 46/46 MP: 7/7
  3706 | D:4      | Found a staircase to the Ecumenical Temple.
  3990 | Temple   | Entered the Ecumenical Temple
  4056 | Temple   | Became a worshipper of Warmaster Okawaru
  4103 | D:5      | Entered Level 5 of the Dungeon
  4375 | D:5      | Found Wunnill's Assorted Antiques.
  4394 | D:5      | Reached * piety under Okawaru
  4436 | D:5      | Reached XP level 8. HP: 51/54 MP: 8/8
  4716 | D:4      | Reached skill level 5 in Dodging
  4716 | D:4      | Reached skill level 5 in Stealth
  4880 | D:5      | Found Tezaeg's General Store.
  4886 | D:5      | Found Neparhuo's Book Emporium.
  4945 | D:5      | Found Wolaukk's Weapon Boutique.
  5393 | D:5      | Found a transporter.
  5566 | D:5      | Reached ** piety under Okawaru
  5848 | D:5      | Found a transporter.
  6134 | D:6      | Found an ancient bone altar of Kikubaaqudgha.
  6192 | D:6      | Found a glowing drain.
  6207 | Sewer    | Entered a sewer
  6251 | Sewer    | Reached XP level 9. HP: 60/60 MP: 9/9
  6647 | D:6      | Found a bloodstained altar of Trog.
  6695 | D:6      | Reached skill level 5 in Fighting
  6825 | D:6      | Found Pypi's Antique Weapon Shoppe.
  6892 | D:7      | Reached skill level 1 in Invocations
  7612 | D:7      | Reached skill level 10 in Slings
  9151 | D:8      | Reached *** piety under Okawaru
  9282 | D:8      | Received a gift from Okawaru
  9282 | D:8      | Reached XP level 10. HP: 61/66 MP: 13/13
  9835 | D:8      | Found a staircase to the Lair.
  9887 | D:8      | Noticed a komodo dragon
  9904 | D:8      | Reached skill level 5 in Invocations
  9909 | D:8      | Killed a komodo dragon
 10200 | D:8      | Noticed a two-headed ogre
 10216 | D:8      | Killed a two-headed ogre
 10216 | D:8      | Received a gift from Okawaru
 10356 | Lair:1   | Entered Level 1 of the Lair of Beasts
 10356 | Lair:1   | Noticed a komodo dragon
 10464 | D:8      | Killed a komodo dragon
 10471 | D:8      | Reached **** piety under Okawaru
 10471 | D:8      | Reached skill level 10 in Dodging
 10842 | Lair:1   | Reached XP level 11. HP: 71/71 MP: 14/14
 11344 | Lair:1   | Noticed Gastronok
 11486 | Lair:1   | Received a gift from Okawaru
 11652 | Lair:1   | Reached ***** piety under Okawaru
 11804 | Lair:1   | Found a runed translucent door.
 11808 | Lair:1   | Found a shimmering altar of Xom.
 11808 | Lair:1   | Noticed Curus's ghost (journeyman MfBe)
 11809 | Lair:1   | Noticed a +2 flail of chaos
 11911 | Lair:1   | Killed Gastronok
 12075 | Lair:1   | Received a gift from Okawaru
 12078 | Lair:1   | Got a smoking arbalest {god gift}
 12079 | Lair:1   | Identified the +3 arbalest of Tenacity {flame, *Corrode
                  | Str+7 Stlth+} (Okawaru gifted it to you on level 1 of the
                  | Lair of Beasts)
 12197 | Lair:1   | Reached XP level 12. HP: 81/81 MP: 15/15
 12506 | Lair:2   | Noticed Fannar
 12538 | Lair:2   | Killed Fannar
 12685 | Lair:2   | Reached skill level 15 in Slings
 12691 | Lair:2   | Noticed Prince Ribbit
 13321 | Lair:2   | Found a staircase to the Snake Pit.
 13868 | Lair:2   | Killed Prince Ribbit
 13870 | Lair:2   | Received a gift from Okawaru
 14633 | Lair:2   | Received a gift from Okawaru
 14927 | Lair:2   | Found a staircase to the Swamp.
 15570 | D:9      | Received a gift from Okawaru
 15570 | D:9      | Reached XP level 13. HP: 75/86 MP: 17/17
 16013 | D:9      | Received a gift from Okawaru
 16013 | D:9      | Reached ****** piety under Okawaru
 16237 | D:9      | Noticed Psyche
 16243 | D:9      | Killed Psyche
 16401 | D:10     | Entered Level 10 of the Dungeon
 16433 | D:10     | Received a gift from Okawaru
 16491 | D:10     | Found a flagged portal.
 16542 | Bailey   | Entered a bailey
 17995 | D:11     | Received a gift from Okawaru
 18792 | D:11     | Found a staircase to the Orcish Mines.
 18896 | D:12     | Noticed a five-headed hydra
 19140 | Lair:3   | Noticed an eight-headed hydra
 19146 | Lair:3   | Noticed a seven-headed hydra
 19151 | Lair:3   | Killed an eight-headed hydra
 19335 | Lair:3   | Killed a seven-headed hydra
 19476 | Lair:3   | Found the +4 moon troll leather armour {Spirit, Regen++
                  | MP+5}
 20340 | Lair:4   | Reached XP level 14. HP: 95/95 MP: 20/20
 20455 | Lair:4   | Reached skill level 15 in Dodging
 20832 | Lair:4   | Received a gift from Okawaru
 21452 | Lair:4   | Received a gift from Okawaru
 21615 | Lair:4   | Received a gift from Okawaru
 21844 | Lair:5   | Received a gift from Okawaru
 22012 | Lair:5   | Noticed Nessos
 22065 | Lair:5   | Received a gift from Okawaru
 22066 | Lair:5   | Found the +2 shield of Resistance {rF+ rC+ MR+}
 22669 | Lair:5   | Killed Nessos
 22669 | Lair:5   | Reached skill level 10 in Fighting
 22669 | Lair:5   | Reached skill level 1 in Shields
 23140 | Orc:1    | Entered Level 1 of the Orcish Mines
 23187 | Orc:1    | Found Nuowk's Weapon Shoppe.
 23350 | Orc:1    | You fall into a shaft and drop 1 floor!
 23350 | Orc:2    | Entered Level 2 of the Orcish Mines
 23447 | Orc:2    | Reached skill level 10 in Invocations
 23459 | Orc:2    | Reached XP level 15. HP: 103/103 MP: 22/22
 23893 | Orc:2    | Reached skill level 5 in Shields
 23972 | Orc:2    | Found Goziaff's Assorted Antiques.
 23972 | Orc:2    | Found Buex's Book Emporium.
 23976 | Orc:2    | Found Piphib's Jewellery Shop.
 23976 | Orc:2    | Found Vumutsac's Magic Scroll Shoppe.
 24206 | Orc:2    | Found a staircase to the Elven Halls.
 24242 | Orc:2    | Found Kaquqosi's Food Shop.
 24545 | Orc:1    | Found a roughly hewn altar of Beogh.
 25068 | D:12     | Received a gift from Okawaru
 25196 | D:12     | Identified Qeimawur's Collected Works on Creative Beguiling
 25233 | D:12     | Noticed Maurice
 25248 | D:12     | Killed Maurice
 25366 | D:12     | Noticed Kirke
 25642 | D:12     | Noticed a sphinx
 25644 | D:12     | Killed Kirke
 25940 | D:13     | Received a gift from Okawaru
 26278 | D:13     | Found a gate to the Vaults.
 26299 | D:13     | Received a gift from Okawaru
 27021 | D:14     | Reached XP level 16. HP: 111/111 MP: 23/23
 27230 | D:14     | Found a blossoming altar of Fedhas.
 27672 | Elf:1    | Entered Level 1 of the Elven Halls
 27850 | Elf:1    | Found Ypuiwure's One-of-a-Kind Books.
 27898 | Elf:1    | Received a gift from Okawaru
 28006 | Elf:1    | Noticed Roxanne
 28066 | Elf:1    | Killed Roxanne
 28620 | Elf:1    | Noticed a deep elf sorcerer
 28631 | Elf:1    | Killed a deep elf sorcerer
 28631 | Elf:1    | Received a gift from Okawaru
 28634 | Elf:1    | Got an encrusted hunting sling {god gift}
 28696 | Elf:1    | Identified the Reference Book on Creative Combat Magic
 28703 | Elf:1    | Identified the +2 hunting sling "Fizutae" {speed, rN+}
                  | (Okawaru gifted it to you on level 1 of the Elven Halls)
 28813 | Elf:1    | Reached skill level 10 in Shields
 29467 | Orc:2    | Bought the ring "Issaekh" {+Fly rElec rF+ Stlth+} for 702
                  | gold pieces
 29646 | Elf:2    | Received a gift from Okawaru
 30195 | Elf:2    | Received a gift from Okawaru
 30343 | Elf:2    | Reached XP level 17. HP: 119/119 MP: 24/24
 30488 | Elf:2    | Found a shimmering blue altar of Sif Muna.
 30656 | Elf:2    | Found a huge runed translucent gate.
 30656 | Elf:2    | Found a huge runed translucent gate.
 30656 | Elf:2    | Found a huge runed translucent gate.
 30656 | Elf:2    | Found a huge runed translucent gate.
 30659 | Elf:2    | Found a huge runed translucent gate.
 30707 | Elf:3    | Entered Level 3 of the Elven Halls
 31372 | Elf:3    | Noticed a deep elf blademaster
 31378 | Elf:3    | Received a gift from Okawaru
 31379 | Elf:3    | Got a crystal fustibalus {god gift}
 31428 | Elf:2    | Killed a deep elf blademaster
 31512 | Elf:2    | Identified the +9 fustibalus "Illin" {velocity, *Contam rN+
                  | Str+5} (Okawaru gifted it to you on level 3 of the Elven
                  | Halls)
 31827 | Elf:3    | Noticed a deep elf master archer
 31833 | Elf:3    | Killed a deep elf master archer
 31959 | Elf:3    | Identified the +7 scimitar of the Salmon {drain, rN+ Str+3}
 31969 | Elf:3    | Received a gift from Okawaru
 31975 | Elf:3    | Got a fine hat {god gift}
 32409 | D:5      | Bought a scroll of identify for 54 gold pieces
 32409 | D:5      | Bought a scroll of identify for 54 gold pieces
 32573 | Orc:2    | Bought a scroll of identify for 32 gold pieces
 32573 | Orc:2    | Bought a scroll of identify for 32 gold pieces
 32573 | Orc:2    | Bought a scroll of identify for 32 gold pieces
 32697 | Elf:3    | Identified the +0 hat "Wenuagoz" {rC+ MR+} (Okawaru gifted
                  | it to you on level 3 of the Elven Halls)
 32730 | Elf:3    | Got a pair of shimmering boots
 32731 | Elf:3    | Identified the Disquisition on Nocuous Unholy Magic
 32733 | Elf:3    | Identified the +1 pair of boots "Umottot" {*Contam rPois
                  | rC+ Dex+7} (You found it on level 3 of the Elven Halls)
 32798 | Elf:3    | Noticed a deep elf blademaster
 33031 | Elf:3    | Identified the ring "Deimut" {+Fly rF+ Dex+4 SInv Stlth+}
 33052 | Elf:3    | Killed a deep elf blademaster
 33286 | Elf:3    | Identified the cursed +0 robe of the Sun {MP+9}
 33343 | Elf:3    | Got a clouded emerald amulet
 33360 | Elf:3    | Got a warped leather armour
 33383 | Elf:3    | Identified the amulet "Vint" {Harm *Drain Int+4 SInv
                  | Stlth+} (You found it on level 3 of the Elven Halls)
 33437 | Elf:3    | Identified the Papyrus of Dislocated Flames
 33512 | Elf:3    | Noticed a deep elf master archer
 33527 | Elf:3    | Killed a deep elf master archer
 33527 | Elf:3    | Reached XP level 18. HP: 43/128 MP: 5/25
 34349 | Elf:3    | Received a gift from Okawaru
 34453 | Elf:3    | Identified the +3 leather armour of the Thunderstorm {rN+
                  | Regen+ Str+3 Int-2} (You found it on level 3 of the Elven
                  | Halls)
 34482 | Elf:3    | Identified the Grimoire of Cold and Boosts
 34486 | Elf:3    | Identified the Reference Book on Feathers and Stolen Souls
 34822 | Snake:1  | Entered Level 1 of the Snake Pit
 34857 | Snake:1  | Received a gift from Okawaru
 35112 | Snake:1  | Found a shattered altar of Ashenzari.
 35370 | Snake:1  | Found a sacrificial altar of Ru.
 35521 | Snake:1  | Found Fieretoi's Jewellery Shoppe.
 35521 | Snake:1  | Found Ecwa's Gadget Boutique.
 35530 | Snake:1  | Found Kusudot's Jewellery Shoppe.
 35696 | Snake:2  | Received a gift from Okawaru
 36594 | Snake:3  | Reached XP level 19. HP: 136/136 MP: 26/26
 36789 | Snake:3  | Received a gift from Okawaru
 37062 | Snake:3  | Found Juelu's Book Shop.
 37784 | Snake:4  | Entered Level 4 of the Snake Pit
 38389 | Snake:4  | Noticed Aizul
 38407 | Snake:4  | Killed Aizul
 38543 | Snake:4  | Received a gift from Okawaru
 38559 | Snake:4  | Reached skill level 15 in Fighting
 38722 | Snake:4  | Reached XP level 20. HP: 145/145 MP: 27/27
 38893 | Snake:4  | Got a serpentine rune of Zot
 39279 | Vaults:1 | Entered Level 1 of the Vaults
 39500 | Vaults:1 | Found a roughly hewn altar of Beogh.
 39674 | Vaults:1 | Got a slimy hunting sling
 40855 | Vaults:2 | Noticed Saint Roka
 40913 | Vaults:1 | Killed Saint Roka
 40913 | Vaults:1 | Received a gift from Okawaru
 41108 | Vaults:2 | Received a gift from Okawaru
 42196 | Vaults:2 | Received a gift from Okawaru
 42255 | Vaults:2 | Reached XP level 21. HP: 143/153 MP: 28/28
 43248 | Vaults:3 | Found a staircase to the Crypt.
 43248 | Vaults:3 | Found a basalt altar of Yredelemnul.
 43249 | Vaults:3 | Found an ancient bone altar of Kikubaaqudgha.
 43357 | Vaults:3 | Received a gift from Okawaru
 43543 | Vaults:3 | Received a gift from Okawaru
 43770 | Vaults:3 | Identified the +6 hunting sling "Gusmyer" {venom, Int+4
                  | Dex-2} (You found it on level 1 of the Vaults)
 43917 | Vaults:3 | Found Hynlef's Jewellery Emporium.
 44659 | Vaults:4 | Received a gift from Okawaru
 44675 | Vaults:4 | Reached XP level 22. HP: 110/162 MP: 25/29
 45480 | Vaults:4 | Received a gift from Okawaru
 45483 | Vaults:4 | Got a smoking hunting sling {god gift}
 46209 | Crypt:1  | Entered Level 1 of the Crypt
 46339 | Crypt:1  | Noticed Khufu
 46339 | Crypt:1  | Noticed a greater mummy
 46341 | Crypt:1  | Noticed a greater mummy
 46366 | Crypt:1  | Killed Khufu
 46709 | Crypt:1  | Killed a greater mummy
 46867 | Crypt:1  | Received a gift from Okawaru
 47045 | Crypt:1  | Noticed Frederick
 47058 | Crypt:1  | Killed Frederick
 47192 | Crypt:1  | Killed a greater mummy
 47196 | Crypt:1  | Identified the +2 hunting sling of Chance {flame, rElec
                  | MR++ Dex-3} (Okawaru gifted it to you on level 4 of the
                  | Vaults)
 47667 | Crypt:1  | Noticed Bai Suzhen
 47687 | Crypt:1  | Killed Bai Suzhen
 47687 | Crypt:1  | Reached XP level 23. HP: 150/167 MP: 29/30
 47761 | Crypt:1  | Noticed Mara
 47763 | Crypt:1  | Noticed anksol's illusion
 47774 | Crypt:1  | Killed Mara
 48504 | Swamp:1  | Entered Level 1 of the Swamp
 48515 | Swamp:1  | Found Nuutex's Island Escapes.
 48629 | Swamp:1  | You fall into a shaft and drop 1 floor!
 48834 | Swamp:2  | Identified a scroll of acquirement
 49017 | Swamp:2  | Noticed Nikola
 49036 | Swamp:2  | Killed Nikola
 49647 | Swamp:3  | Found a runed translucent door.
 49647 | Swamp:3  | Noticed Zeqeiz's ghost (journeyman MiFi)
 49680 | Swamp:3  | Killed Zeqeiz's ghost
 49788 | Swamp:3  | Reached skill level 27 in Slings
 50376 | Swamp:4  | Entered Level 4 of the Swamp
 50786 | Swamp:4  | Received a gift from Okawaru
 50855 | Swamp:4  | Received a gift from Okawaru
 51027 | Swamp:4  | Got a decaying rune of Zot
 51271 | Swamp:4  | Noticed Donald
 51279 | Swamp:4  | Killed Donald
 51279 | Swamp:4  | Received a gift from Okawaru
 51595 | Swamp:4  | Noticed Louise
 51613 | Swamp:4  | Killed Louise
 52257 | Vaults:4 | Found the +1 cloak of Starlight {rElec rC+ EV+4 Stlth--}
 52318 | Vaults:5 | Entered Level 5 of the Vaults
 52349 | Vaults:4 | Received a gift from Okawaru
 52457 | Vaults:4 | Received a gift from Okawaru
 52583 | Vaults:5 | Reached XP level 24. HP: 105/176 MP: 15/30
 52625 | Vaults:4 | Received a gift from Okawaru
 52814 | Vaults:5 | Received a gift from Okawaru
 52862 | Vaults:5 | Identified the ring "Vusir" {*Contam +Inv rPois Int+8
                  | Stlth+}
 53343 | Vaults:5 | Identified the Catalogue of Changing and Cold
 53570 | Vaults:5 | Received a gift from Okawaru
 53732 | Vaults:5 | Noticed a golden dragon
 53740 | Vaults:5 | Killed a golden dragon
 54058 | Vaults:5 | Noticed a golden dragon
 54111 | Vaults:4 | Killed a golden dragon
 54406 | Vaults:5 | Found Ryddegg's Antique Armour Shoppe.
 54443 | Vaults:5 | Got a silver rune of Zot
 54523 | Vaults:4 | Cast into level 2 of the Abyss (orc warlord)
 54740 | Vaults:4 | Escaped the Abyss
 54750 | Vaults:4 | Reached XP level 25. HP: 160/186 MP: 30/30
 55153 | Vaults:5 | Noticed an ancient lich
 55174 | Vaults:5 | Killed an ancient lich
 55174 | Vaults:5 | Received a gift from Okawaru
 55245 | Vaults:5 | Received a gift from Okawaru
 55661 | D:15     | Entered Level 15 of the Dungeon
 55720 | D:15     | Found a staircase to the Depths.
 55846 | D:15     | Found a runed translucent door.
 56265 | Orc:2    | Bought a scroll of identify for 32 gold pieces
 56275 | Orc:2    | Bought a scroll of identify for 78 gold pieces
 56275 | Orc:2    | Bought a potion of heal wounds for 195 gold pieces
 56868 | D:15     | Received a gift from Okawaru
 56935 | D:15     | Found a shattered altar of Ashenzari.
 57066 | D:15     | Found Narghovupo's General Store.
 57079 | D:15     | Bought a scroll of identify for 28 gold pieces
 57227 | D:15     | Found Xawkay Ahigh's Assorted Antiques.
 57235 | D:15     | Bought a scroll labeled JEDEV BIXAOFFI for 31 gold pieces
 57235 | D:15     | Bought a scroll labeled IPTA NOCAINK for 31 gold pieces
 57235 | D:15     | Bought a scroll of identify for 62 gold pieces
 57515 | Depths:1 | Entered Level 1 of the Depths
 57739 | Depths:1 | Found a gateway to Hell.
 58161 | Depths:1 | Found the +6 shillelagh "Devastator" {shatter}
 58185 | Depths:1 | Found a one-way gate to the infinite horrors of the Abyss.
 58220 | Depths:1 | Received a gift from Okawaru
 59164 | Depths:2 | Reached XP level 26. HP: 112/196 MP: 22/30
 59258 | Depths:2 | Found a viscous altar of Jiyva.
 59763 | Depths:2 | Received a gift from Okawaru
 59766 | Depths:2 | Got a pair of translucent boots {god gift}
 59767 | Depths:2 | Identified the +2 pair of boots of Okawaru's Castigation
                  | {+Blink Slay+2} (Okawaru gifted it to you on level 2 of the
                  | Depths)
 60308 | Hell     | Entered the Vestibule of Hell
 60308 | Hell     | Noticed Geryon
 60671 | Depths:3 | Found a one-way gate leading to the halls of Pandemonium.
 60838 | Depths:3 | Found Orumpewyu's Weapon Boutique.
 61310 | Depths:3 | HP: 3/196 [spriggan air mage/the air[a spriggan defender]
                  | (19)]
 62230 | Depths:3 | Noticed a juggernaut
 62265 | Depths:3 | Killed a juggernaut
 62280 | Depths:3 | Received a gift from Okawaru
 62349 | Depths:3 | Identified the Tome of Malediction and the Glacier
 63064 | Depths:4 | Reached XP level 27. HP: 204/207 MP: 30/30
 63272 | Depths:4 | Found a glowing golden altar of the Shining One.
 63273 | Depths:4 | Found a shimmering blue altar of Sif Muna.
 63273 | Depths:4 | Found a glowing golden altar of the Shining One.
 63656 | Depths:4 | Reached skill level 27 in Dodging
 63961 | Depths:4 | Received a gift from Okawaru
 64202 | Depths:4 | Received a gift from Okawaru
 64404 | Depths:4 | Noticed a juggernaut
 64434 | Depths:4 | Killed a juggernaut
 64568 | Depths:4 | Got a faintly glowing bone ring
 64572 | Depths:4 | Identified the ring of the Wary Ghosts {rPois Dex+3} (You
                  | found it on level 4 of the Depths)
 64751 | Depths:5 | Entered Level 5 of the Depths
 64964 | Depths:5 | Found a gateway to a ziggurat.
 64967 | Depths:5 | Paralysed by a floating eye for 3 turns
 64973 | Depths:5 | Paralysed by a floating eye for 2 turns
 65180 | Depths:5 | Found a gate to the Realm of Zot.
 65390 | Depths:5 | Found a runed translucent gate.
 65390 | Depths:5 | Found a runed translucent gate.
 65391 | Depths:5 | Found a runed translucent gate.
 65392 | Depths:5 | Noticed Onolyar's ghost (veteran BaIE)
 65392 | Depths:5 | Noticed Huemm's ghost (veteran BaIE)
 65395 | Depths:5 | Noticed Huemm's ghost (veteran BaIE)
 65594 | Depths:5 | Received a gift from Okawaru
 65974 | Depths:5 | Got a transparent garnet amulet
 65975 | Depths:5 | Identified the amulet "Wiqabb" {Harm *Drain Fragile +Blink
                  | +Fly rF++} (You acquired it on level 5 of the Depths)
 65984 | Zot:1    | Entered Level 1 of the Realm of Zot
 67217 | Zot:1    | Received a gift from Okawaru
 67783 | Zot:2    | Received a gift from Okawaru
 67787 | Zot:2    | Got a warped hunting sling {god gift}
 67788 | Zot:2    | Identified the +12 hunting sling of Objectivity {freeze,
                  | rN+ Int+4} (Okawaru gifted it to you on level 2 of the
                  | Realm of Zot)
 67830 | Zot:2    | Gained mutation: You are clumsy. (Dex -2) [mutagenic glow]
 68033 | Zot:2    | Noticed an orb of fire
 68038 | Zot:2    | Gained mutation: Armour fits poorly on your strangely
                  | shaped body. [an orb of fire]
 68040 | Zot:2    | Gained mutation: You are frail. (-10% HP) [an orb of fire]
 68055 | Zot:2    | Gained mutation: You are weak. (Str -2) [an orb of fire]
 68062 | Zot:2    | Gained mutation: You are very frail. (-20% HP) [an orb of
                  | fire]
 68067 | Zot:2    | Killed an orb of fire
 68507 | Zot:2    | Received a gift from Okawaru
 68869 | Zot:3    | Received a gift from Okawaru
 69354 | Zot:3    | Received a gift from Okawaru
 69405 | Zot:3    | Reached skill level 27 in Fighting
 69439 | Zot:3    | Reached skill level 1 in Armour
 69906 | Zot:4    | Received a gift from Okawaru
 70168 | Zot:3    | Reached skill level 5 in Armour
 70196 | Zot:4    | Found a transporter.
 70239 | Zot:3    | Reached skill level 10 in Stealth
 70400 | Zot:4    | Noticed an orb of fire
 70730 | Zot:4    | Identified the +1 cloak of the Seven Songs {rPois Int+2}
 70963 | Zot:4    | Received a gift from Okawaru
 71089 | Zot:4    | Identified the ring "Fiylero" {Dex+3 Stlth-}
 71112 | Zot:4    | Found a transporter.
 71228 | Zot:4    | Got a polished fustibalus {god gift}
 71229 | Zot:4    | Identified the +6 fustibalus of Triumph {speed, Dex+6}
                  | (Okawaru gifted it to you on level 4 of the Realm of Zot)
 71237 | Zot:5    | Entered Level 5 of the Realm of Zot
 71500 | Zot:5    | Noticed an ancient lich
 72546 | Zot:5    | Noticed a Killer Klown
 72555 | Zot:5    | Noticed an ancient lich
 72577 | Zot:5    | Noticed an ancient lich
 72595 | Zot:5    | Killed an ancient lich
 72595 | Zot:5    | Reached skill level 10 in Armour
 72673 | Zot:5    | Noticed an orb of fire
 72675 | Zot:5    | Noticed an ancient lich
 72678 | Zot:5    | Noticed a Killer Klown
 73303 | D:5      | Bought a potion of heal wounds for 75 gold pieces
 73952 | Zot:4    | Killed an ancient lich
 74142 | Zot:4    | Received a gift from Okawaru
 74337 | Zot:5    | Noticed an orb of fire
 74362 | Zot:5    | Gained mutation: Your mind is acute. (Int +2) [an orb of
                  | fire]
 74378 | Zot:5    | Gained mutation: You are very weak. (Str -4) [an orb of
                  | fire]
 74383 | Zot:5    | Killed an orb of fire
 74383 | Zot:5    | Received a gift from Okawaru
 74515 | Zot:5    | Cast into level 5 of the Abyss (a Zot trap)
 74515 | Abyss:5  | Entered Level 5 of the Abyss
 74587 | Zot:5    | Escaped the Abyss
 74591 | Zot:5    | Noticed a Killer Klown
 74603 | Zot:5    | Noticed an ancient lich
 74650 | Zot:5    | Killed an ancient lich
 74688 | Zot:5    | Killed a Killer Klown
 74731 | Zot:5    | Mangled by a lorocyproca

Levels and vault maps discovered:
D:1:      sevenhm_arrival_forest_fort_large_1, layout_basic
D:2:      layout_basic, nicolae_qazlal_style_of_elements
D:3:      layout_loops_ring, hellmonk_ghost_happy_afterlife
D:4:      layout_basic, minmay_temple_entry_poolview
D:5:      gammafunk_wand_slinger, layout_basic, serial_shops,
          nicolae_shop_crystal, shop, nicolae_shop_statue_plus, shop,
          first_ration
D:6:      layout_loops_cross, portal_sewer_entry_d, basic_altar, serial_shops,
          nicolae_shop_behind_doors, minmay_misc_feat_secret_circle, bloody_trog
D:7:      layout_rooms
D:8:      layout_loops_ring, david_lair_shrubbed
D:9:      minmay_the_grid_net [minmay_the_grid_tiny_cups, minmay_the_grid_tree,
          minmay_the_grid_dragon_b, minmay_the_grid_empty,
          minmay_the_grid_square_x, minmay_the_grid_prize_four_corners],
          layout_basic, uniq_psyche
D:10:     layout_loops_cross, enter_bailey_2
D:11:     layout_grid_maze, orc_0_dummy, grunt_tengu_nest
D:12:     layout_roguey, uniq_maurice, uniq_kirke
D:13:     layout_roguey, david_vaults_5
D:14:     layout_basic, basic_altar, minivault_16,
          hangedman_decor_clover_reticule
D:15:     hangedman_depths_entry_try_elsewhere_first, layout_loops_ring,
          serial_shops, shop, shop, evilmike_ruin_ashenzari, minmay_crystal_box
Temple:   regret_index_temple_sigil_plot
Lair:1:   layout_gridlike, ebering_ghost_xom, small_statue_intersection,
          grunt_megastairs_5, infiniplex_staircase_pool_2, uniq_gastronok
Lair:2:   layout_regular_city, minmay_swamp_entry_swarm, dummy_snake_entry,
          portal_ice_cave_entry_ice_beasts, minmay_lair_oklob_chamber,
          uniq_fannar, uniq_prince_ribbit2
Lair:3:   layout_chaotic_city
Lair:4:   layout_cave_pods, serial_bayou_pond_e, kilobyte_rumbling_trees,
          lemuel_fruit_fields, lemuel_fruit_tree
Lair:5:   layout_layer_cave, serial_bayou_shore_b, uniq_nessos
Swamp:1:  layout_basic_swamp, hangedman_swamp_cone, nicolae_island_escapes
Swamp:2:  layout_basic_swamp, evilmike_swamp_ruin_house_5, uniq_nikola
Swamp:3:  cheibrodos_swamp_heart_of_darkness, layout_basic_swamp,
          gammafunk_ghost_grave, hangedman_swamp_diagram, swamp_pool1
Swamp:4:  swamp_alternative, layout_basic_swamp, swamp_pool4, uniq_donald,
          uniq_louise
Snake:1:  hangedman_cross_stitches, layout_rooms, hangedman_feature_mirror,
          st_stairs_5, minmay_shop_grove
Snake:2:  layout_cave_shapes, special_room, grunt_ministairs_4
Snake:3:  layout_basic, serial_shops, shop_statue
Snake:4:  minmay_snake_end_coiled, layout_rooms, grunt_ministairs_7,
          st_stairs_7, uniq_aizul
Orc:1:    layout_caves, serial_shops, shop_statue, mines2_david
Orc:2:    st_orc_ogre_mass, layout_caves, serial_shops, shop
Elf:1:    minmay_elf_arrival_circle, layout_onion_city, minmay_elf_sorcery,
          nicolae_rare_books, st_stairs_1, uniq_roxanne
Elf:2:    layout_onion_city, basic_altar
Elf:3:    grunt_elf_hall_branching, layout_loops_corners,
          einodemon_barbed_minivault
Vaults:1: vaults_mumra_lcd, v_misc_24, ontoclasm_vaults_ring_small, v_misc_18,
          special_room_vaults [special_room_orc], vaults_room_pools,
          vaults_dpeg_ring, nicolae_vaults_ring_of_whatevers,
          ontoclasm_vaults_chip, layout_vaults_chaotic_city
Vaults:2: grunt_vaults_bifocal, nicolae_vaults_network_s, v_alt_pattern_6,
          v_misc_14, v_misc_22, grunt_vaults_funnel, vaults_room_boxed,
          v_pattern_4, vaults_room_door_ring, v_alt_pattern_1, v_misc_10,
          nicolae_vaults_asterisk, ontoclasm_vaults_decontamination,
          layout_vaults_big_cross, uniq_saint_roka
Vaults:3: minmay_crypt_entry_necro_gods, nicolae_vaults_network_quinsquares
          [nicolae_vaults_network_quincunx_subvault,
          nicolae_vaults_network_quincunx_subvault,
          nicolae_vaults_network_quincunx_subvault,
          nicolae_vaults_network_quincunx_subvault], hangedman_vaults_trim,
          vaults_mumra_chevron, hangedman_vaults_snaps,
          nicolae_vaults_network_periphery, nicolae_vaults_rhombus_7,
          st_more_cells, layout_vaults_quadrants, serial_shops,
          nicolae_shop_crystal
Vaults:4: v_pattern_2, nicolae_vaults_alarming, hangedman_vaults_locks, st_star,
          ontoclasm_vaults_ring_small, nicolae_vaults_asterisk,
          nicolae_vaults_three_branches, vaults_room_octagon, v_misc_8,
          dpeg_vaults_monster_box, ontoclasm_vaults_twist,
          nicolae_vaults_little_squares_1, grunt_vaults_diagonal,
          nicolae_vaults_yaktaur_gun_rack, layout_vaults_ring
Vaults:5
Crypt:1:  layout_catacombs, uniq_frederick, uniq_mara, uniq_bai_suzhen,
          uniq_khufu
Crypt:2:  layout_catacombs
Depths:1: minmay_roctagon, layout_gridlike, serial_corexii_hall,
          chequers_hall_statues_wall_a, corexii_hall_statues_s, abyss_entry,
          pf_dread_powers_of_hell, kennysheep_crisscross,
          hangedman_decor_lopped, minivault_16
Depths:2: minmay_curly_fans, layout_gridlike, serial_sigils_hangedman_quiver,
          grunt_hell_entry_dis_mu, abyss_entry, special_room
          [special_room_jelly], minmay_crystal_room
Depths:3: kennysheep_large_spiral, layout_gridville, grunt_pan_entry_spiral,
          kennysheep_boxes, abyss_entry, serial_shops, nicolae_shop_trees,
          hell_entry, chequers_serial_rivers_marsh, infiniplex_staircase_star
Depths:4: hangedman_slaughterboxes, hell_entry, abyss_entry
Depths:5: evilmike_zot_entry_argh, layout_basic, enter_ziggurat_c, abyss_entry,
          gammafunk_ghost_cemetery, hell_entry, st_stairs_6
Hell
Zot:1:    layout_cathedral_of_symmetry, hangedman_zot_spectrum
Zot:2:    layout_gridlike
Zot:3:    layout_basic
Zot:4:    gammafunk_the_bubble [the_bubble_gammafunk_crates],
          layout_onion_interference
Zot:5:    layout_twisted_circle, st_stairs_14

Skill      XL: |  1  2  3  4  5  6  7  8  9 10 11 12 13 14 15 16 17 18 19 20 21 22 23 24 25 26 27 |
---------------+----------------------------------------------------------------------------------+-----
Slings         | 6 7 8 9 10 12 14 15 16 17 18 19 21 22 23 24 25 26 27 | 27.0
Fighting       | 2 3 4 5 7 8 10 11 13 14 15 16 17 18 19 21 22 27 | 27.0
Stealth        | 2 3 4 6 7 8 14 | 14.5
Dodging        | 3 4 6 7 10 11 14 15 16 17 18 19 20 21 22 23 24 25 26 27 | 27.0
Invocations    | 4 5 8 10 | 10.0
Shields        | 2 8 10 | 10.0
Armour         | 11 | 11.7

Action                   |  1- 3 |  4- 6 |  7- 9 | 10-12 | 13-15 | 16-18 | 19-21 | 22-24 | 25-27 || total
-------------------------+-------+-------+-------+-------+-------+-------+-------+-------+-------++-------
Melee: Falchion          |       |       |       |    65 |       |       |       |       |       ||    65
       Punch             |       |       |       |     2 |       |       |       |       |       ||     2
       Hunting sling     |       |       |       |       |       |     3 |       |       |       ||     3
       Fustibalus        |       |       |       |       |       |       |       |       |     2 ||     2
 Fire: Hunting sling     |    87 |   230 |   415 |   688 |  2090 |  1111 |       |       |  1945 ||  6566
       Fustibalus        |       |       |       |       |       |   804 |  1991 |  2039 |  3134 ||  7968
Throw: Dart              |       |     2 |    52 |    85 |     4 |       |       |       |     3 ||   146
       Boomerang         |       |       |     4 |    68 |       |       |       |       |       ||    72
       Throwing net      |       |       |       |       |       |       |       |       |     3 ||     3
Invok: Heroism           |       |       |       |     3 |     9 |    13 |     3 |    13 |    24 ||    65
       Finesse           |       |       |       |       |     1 |     4 |       |     3 |     5 ||    13
Evoke: Wand              |       |       |       |       |       |       |       |       |     1 ||     1
  Use: Scroll            |       |       |     9 |     8 |     8 |    11 |     3 |     9 |    32 ||    80
       Potion            |       |       |       |       |       |     1 |       |     3 |    13 ||    17
  Eat: Chunk             |       |     8 |    13 |    12 |    29 |    19 |    16 |     6 |    27 ||   130
       Ration            |       |       |     1 |     2 |     1 |     2 |     2 |     7 |     9 ||    24
Armor: Leather armour    |       |     6 |    17 |       |       |       |       |       |       ||    23
       Ring mail         |       |       |       |    83 |    36 |       |       |       |       ||   119
       Troll leather arm |       |       |       |       |    79 |    80 |    82 |   171 |   266 ||   678
Dodge: Dodged            |    11 |    46 |   187 |   497 |   909 |   490 |   745 |  1455 |  2751 ||  7091
Block: Shield            |       |       |       |       |   123 |   481 |   804 |  1136 |  2021 ||  4565
       Rpst.: Falchion   |       |       |       |     1 |       |       |       |       |       ||     1
